Map: Nightshade LE

Players

INnoVation

  • Race: Terran Terran
  • Spawn Location: 5:00

Serral - Winner!

  • Race: Zerg Zerg
  • Spawn Location: 11:00

Event: IEM Katowice 2020

VOD

Have the link to the VOD?

Description

Time

  • Played on: Feb. 29, 2020, 10:42 a.m.
  • Length: 5:35

All games in this series

Show
View Real Time Build Order
Export as new Build Order

INnoVation Terran 

Build Orders: Reaper Expand 

Get SALT Encoding   

  12  0:00  SCV  
  13  0:13  SCV  
  14  0:16  Supply Depot  
  14  0:25  SCV  
  15  0:38  SCV  
  15  0:40  Barracks  
  16  0:43  Refinery  
  16  0:50  SCV  
  17  1:02  SCV  
  18  1:14  SCV  
  19  1:26  Reaper  
  19  1:27  Orbital Command  
  20  1:38  Command Center  
  20  1:49  Supply Depot  
  20  1:52  SCV  
  21  1:58  Marine  
  22  2:04  SCV  
  23  2:13  Factory  
  23  2:17  SCV  
  23  2:19  Barracks Reactor  
  24  2:29  SCV  
  25  2:37  Command Center  
  25  2:41  SCV  
  26  2:51  Orbital Command  
  26  2:53  SCV  
  26  2:58  Starport  
  27  3:01  Refinery  
  27  3:05  SCV  
  28  3:09  Hellion  
  32  3:12  Hellion  
  32  3:15  Barracks Tech Lab  
  32  3:19  SCV  
  33  3:21  SCV  
  34  3:32  Hellion  
  34  3:33  SCV x2  
  38  3:35  Viking  
  38  3:39  Hellion  
  42  3:45  SCV x2  
  44  3:51  Orbital Command  
  46  3:55  Hellion  
  46  4:00  Hellion  
  46  4:01  SCV  
  46  4:02  SCV  
  50  4:05  Starport Reactor  
  50  4:09  Marine  
  51  4:11  Supply Depot  
  51  4:13  SCV  
  51  4:14  SCV  
  52  4:25  SCV  
  52  4:27  SCV  
  52  4:28  SCV, Barracks  
  53  4:32  Factory Tech Lab  
  53  4:33  Marine, Barracks  
  53  4:36  Bunker  
  52  4:40  SCV x3  
  52  4:44  Supply Depot  
  55  4:48  Liberator  
  61  4:52  Siege Tank  
  61  4:54  Marine  
  61  4:57  Bunker  
  51  5:11  Marine  
  41  5:20  SCV x3  
Show
View Real Time Build Order
Export as new Build Order

Serral Zerg - Winner!

Build Orders: Hatch First 

Get SALT Encoding   

  12  0:00  Drone  
  13  0:12  Overlord  
  13  0:17  Drone  
  14  0:30  Drone  
  14  0:31  Drone  
  16  0:48  Hatchery  
  15  0:51  Drone  
  15  0:55  Drone  
  17  0:58  Drone  
  18  1:09  Extractor  
  17  1:13  Spawning Pool  
  17  1:16  Drone  
  17  1:20  Drone  
  18  1:28  Drone  
  19  1:39  Drone  
  20  1:49  Overlord  
  20  2:00  Queen x2  
  20  2:01  Zergling x4  
  26  2:11  Drone x2  
  26  2:12  Metabolic Boost  
  28  2:23  Drone x2  
  30  2:36  Hatchery  
  29  2:41  Drone x2  
  31  2:45  Overlord  
  31  2:52  Queen  
  31  2:55  Drone  
  31  2:57  Drone  
  35  3:00  Drone  
  36  3:10  Drone  
  36  3:11  Drone x3  
  40  3:13  Drone  
  40  3:14  Extractor  
  40  3:18  Roach Warren  
  39  3:22  Drone  
  39  3:24  Drone  
  39  3:26  Drone  
  42  3:30  Overlord  
  42  3:39  Overlord  
  42  3:47  Zergling x4  
  44  3:51  Overlord  
  44  3:59  Roach x6  
  44  4:02  Roach  
  58  4:06  Roach  
  58  4:07  Roach  
  62  4:13  Overlord  
  62  4:14  Roach  
  64  4:22  Overlord  
  62  4:33  Zergling x14  
  70  4:38  Overlord, Ravager  
  70  4:39  Ravager  
  70  4:40  Ravager  
  70  4:41  Zergling x2  
  70  4:42  Zergling x4  
  73  4:51  Zergling x6  
  77  4:53  Ravager  
  77  4:56  Zergling x4  
  79  5:03  Ravager  
  75  5:08  Zergling x12  
  75  5:12  Ravager  
  78  5:15  Zergling x2  
  81  5:31  Ravager  

Tags
 
Add a new tag
Caveats
  • Supply blocks, unpowered buildings, or Contaminate may cause inaccurate times.
  • Supply counts are checked every 10 seconds.